 Dungeon Crawl Stone Soup version 0.30-a0-989-g0d87f670db (webtiles) character file.

Game seed: 16981557725138313901

44629 quinnr the Fighter (level 14, 0/133 HPs)
             Began as a Naga Artificer on Apr 2, 2023.
             Was an Elder of Sif Muna.
             Slain by a death yak (14 damage)
             ... on level 4 of the Lair of Beasts.
             The game lasted 01:57:46 (22479 turns).

quinnr the Fighter (Naga Artificer)                Turns: 22479, Time: 01:57:46

Health: 0/133      AC: 17    Str: 15    XL:     14   Next: 29%
Magic:  31/33      EV: 12    Int: 13    God:    Sif Muna [****..]
Gold:   600        SH:  0    Dex: 15    Spells: 14/27 levels left

rFire   + . .      SeeInvis +    i - +2 quick blade (spect)
rCold   + + .      Faith    .    (no shield)
rNeg    . . .      Spirit   .    K - +2 robe {rC+}
rPois   +          Reflect  .    (no helmet)
rElec   .          Rampage  .    W - scarf {rC+ rF+}
rCorr   +                        g - +0 pair of gloves
Will    ++...                    J - +4 barding
Stlth   ++++                     t - amulet of magic regeneration
HPRegen 0.42/turn                O - ring of Suspicion {Will+ rCorr}
MPRegen 0.63/turn                M - ring of magical power

@: very slow
A: AC +4, large, see invisible, deformed body, poison resistance, slowness 2,
spit poison 1, naga tail 2
a: Spit Poison, Renounce Religion, Channel Magic, Forget Spell, Divine Exegesis


You were on level 4 of the Lair of Beasts.
You worshipped Sif Muna.
Sif Muna was greatly pleased with you.
You visited 3 branches of the dungeon, and saw 17 of its levels.
You also visited: Sewer and Ice Cave.

You collected 1560 gold pieces.
You spent 960 gold pieces at shops.


Innate Abilities, Weirdness & Mutations

Your serpentine skin is tough. (AC +4)
You have supernaturally acute eyesight. (SInv)
Armour fits poorly on your strangely shaped body.
Your system is resistant to poisons. (rPois)
You cover ground very slowly.
You can spit poison.
You can use your snake-like lower body to constrict enemies.


   Skills:
 + Level 10.9 Fighting
 - Level 8.0 Short Blades
 - Level 1.2 Throwing
 - Level 1.5 Armour
 - Level 10.0 Dodging
 - Level 10.0 Stealth
 - Level 7.0 Spellcasting
 - Level 6.0 Conjurations
 - Level 4.0 Transmutations
 - Level 3.0 Air Magic
 - Level 9.0 Poison Magic
 - Level 6.0 Invocations
 - Level 8.0 Evocations


You had 14 spell levels left.
You knew the following spells:

 Your Spells              Type           Power      Damage    Failure   Level
d - Magic Dart            Conj           80%        1d7       1%          1
m - Mephitic Cloud        Conj/Pois/Air  20%        N/A       3%          3
o - Olgreb's Toxic Radia  Pois           27%        N/A       3%          4
p - Poisonous Vapours     Pois/Air       40%        N/A       1%          2
s - Spider Form           Tmut/Pois      21%        N/A       3%          3

Your spell library contained the following spells:

 Spells                   Type           Power      Damage    Failure   Level
 Cigotuvi's Dreadful Rot  Necr/Pois/Air  28%        N/A       4%          2
 Passwall                 Tmut/Erth      7%         N/A       10%         2
 Swiftness                Air            12%        N/A       13%         3
 Necrotise                Necr           16%        1d4       16%         1
 Call Imp                 Summ           4%         N/A       22%         2
 Ensorcelled Hibernation  Hex/Ice        8%         N/A       22%         2
 Scorch                   Fire           8%         2d5       22%         2
 Alistair's Intoxication  Tmut/Pois      14%        N/A       28%         5
 Iskenderun's Battlesphe  Conj           20%        2d7       34%         5
 Ozocubu's Armour         Ice            4%         N/A       41%         3
 Vampiric Draining        Necr           4%         2d6       41%         3
 Flame Wave               Conj/Fire      12%        2d6       41%         4
 Anguish                  Hex/Necr       2%         N/A       83%         4
 Dispel Undead            Necr           4%         3d7       83%         4
 Eringya's Noxious Bog    Tmut/Pois      10%        N/A       85%         6
 Agony                    Necr           4%         N/A       99%         5
 Metabolic Englaciation   Hex/Ice        2%         N/A       99%         5
 Death Channel            Necr           2%         N/A       100%        6
 Iron Shot                Conj/Erth      6%         9d2       100%        6
 Simulacrum               Ice/Necr       2%         N/A       100%        6
 Summon Cactus Giant      Summ           2%         N/A       100%        6
 Spellforged Servitor     Conj/Summ      6%         N/A       100%        7

Inventory:

Hand Weapons
 i - a +2 spectral quick blade (weapon)
 V - a +1 whip of freezing
Missiles
 r - 7 curare-tipped darts {=f}
Armour
 b - a +0 leather armour
 g - a +0 pair of gloves (worn)
 u - a +0 cloak
 J - a +4 barding (worn)
 K - a +2 robe of cold resistance (worn)
 U - the +3 hat of Pondering {ponderous, Will+ MP+10 Int+5}
   (You took it off Gastronok on level 1 of the Lair of Beasts)

   Int:       It affects your intelligence (+5).
   MP:        It affects your magic capacity (+10).
   Will:      It increases your willpower.
 W - a scarf of resistance (worn)
Jewellery
 t - an amulet of magic regeneration (around neck)
 C - a ring of ice
 D - a +6 ring of dexterity
 E - a +5 ring of evasion
 F - a ring of protection from fire
 I - a +6 ring of intelligence
 L - an amulet of faith {!P}
 M - a ring of magical power (right hand)
 O - the ring of Suspicion (left hand) {Will+ rCorr}
   (You found it on level 10 of the Dungeon)

   [ring of willpower]

   rCorr:     It protects you from acid and corrosion.
   Will:      It increases your willpower.
Wands
 d - a wand of charming (3)
 e - a wand of flame (3)
 A - a wand of polymorph (4)
 N - a wand of paralysis (6)
 S - a wand of digging (6)
 T - a wand of acid (3)
Scrolls
 j - 3 scrolls of vulnerability {unknown}
 k - 5 scrolls of immolation
 l - 3 scrolls of amnesia {unknown}
 m - 3 scrolls of teleportation {@r2}
 n - a scroll of silence {!r}
 v - 5 scrolls of poison {unknown}
 w - 3 scrolls of fog {unknown}
 x - a scroll of torment
 y - a scroll of summoning {unknown}
 H - 2 scrolls of acquirement {unknown}
 P - a scroll of blinking
 R - 2 scrolls of enchant armour
Potions
 h - 2 potions of degeneration
 o - 7 potions of curing {@q1}
 p - a potion of resistance
 q - a potion of lignification
 s - 6 potions of brilliance
 z - 4 potions of mutation
 B - a potion of invisibility
 Q - 2 potions of attraction
 X - a potion of heal wounds {@q2}
 Y - 4 potions of flight
 Z - a potion of ambrosia
Miscellaneous
 a - a tin of tremorstones (inert)
 c - a phial of floods (inert)

Dungeon Overview and Level Annotations

Branches:
Dungeon (12/15)            Temple (1/1) D:7            Lair (5/5) D:10
  Swamp (0/4) Lair:3        Snake (0/4) Lair:3        Slime (0/5) Lair:4
    Orc (0/2) D:11          Sewer (visited)           IceCv (visited)

Altars:
Ashenzari
Cheibriados
Elyvilon
Gozag
Hepliaklqana
Kikubaaqudgha
Makhleb
Nemelex Xobeh
Okawaru
Ru
Sif Muna
Trog
Uskayaw
Vehumet
Wu Jian
Xom
Zin
The Shining One

Shops:
D:7 *   D:9 *!   D:10 (   D:11 [

Portals:
Trove: D:11 (give 7 scrolls of blinking)

Annotations:
D:5 exclusion: centaur, Eustachio

####..#....#................####
#.#P.................P###...###
#.P....P#§..........#####...>.##
..............P.....# #.#.P.#.)#
.....#.......P....#####...##..[#
...#.#.##.....####.# #.....##..#
..#.#####........######..P.##..##
..............§..####...P..P#....
..P.............@○☼...#.....#....
###......PPP.####Y............P..
#...>..##### #..§.###.........
###...## #..>÷####....#... #...#
#.Y÷..##.....##.. #..##
####.####....###. #### #.# ##.###
## ### ###


You could see a death yak and a catoblepas (confused).


Message History

The catoblepas gores you!!
* * * LOW HITPOINT WARNING * * *
As you read the scroll of fear, it crumbles to dust.
You assume a fearsome visage.
The blink frog looks frightened!
The catoblepas resists with some effort.
The death yak resists with some effort.
The catoblepas is engulfed in noxious fumes.
The catoblepas appears confused.
The catoblepas gores you!!
* * * LOW HITPOINT WARNING * * *
The death yak gores you.
* * * LOW HITPOINT WARNING * * *
The catoblepas gores itself!!
You see here a yak corpse.
The blink frog is no longer petrified.
The death yak seems less confused.
The blink frog blinks! x2
Unknown command.
Unknown command.
Unknown command.
Casting: Mephitic Cloud (mildly dangerous; 3% risk of failure)
Confirm with . or Enter, or press ? or * to list all spells.
Aiming: Mephitic Cloud (mildly dangerous; 3% risk of failure)
Press: ? - help, Shift-Dir - straight line, f - death yak
Aim: a death yak (chance to affect: 34%)
The ball explodes into a vile cloud!
The stinking cloud engulfs the death yak but does no damage.
The stinking cloud engulfs you but does no damage.
The blink frog blinks!
The death yak is engulfed in noxious fumes.
The death yak gores you!
You die...

Skill      XL: |  1  2  3  4  5  6  7  8  9 10 11 12 13 14 |
---------------+-------------------------------------------+-----
Stealth        | 2 3 4 5 8 10 | 10.0
Spellcasting   | 1 2 4 6 7 |  7.0
Short Blades   | 1 2 4 5 8 |  8.0
Poison Magic   | 1 3 6 9 |  9.0
Conjurations   | 1 2 3 5 6 |  6.0
Air Magic      | 1 2 3 |  3.0
Dodging        | 1 3 5 7 10 | 10.0
Fighting       | 2 3 4 5 7 8 9 10 | 10.9
Throwing       | 1 |  1.2
Transmutations | 4 |  4.0
Invocations    | 3 6 |  6.0
Evocations     | 5 6 7 8 |  8.0
Armour         | |  1.5

Action                     |  1- 3 |  4- 6 |  7- 9 | 10-12 | 13-15 || total
---------------------------+-------+-------+-------+-------+-------++-------
  Melee: Dagger            |    19 |       |       |       |       ||    19
         Punch             |     2 |     4 |     1 |    18 |    12 ||    37
         Quick blade       |    51 |   304 |   273 |   954 |   572 ||  2154
         Unarmed           |       |       |       |   115 |     9 ||   124
         Constrict         |       |       |       |       |    60 ||    60
   Cast: Mephitic Cloud    |       |       |    39 |    95 |    61 ||   195
         Spider Form       |       |       |       |    12 |     2 ||    14
         Poisonous Vapours |       |       |       |    67 |   110 ||   177
         Olgreb's Toxic Ra |       |       |       |       |    26 ||    26
         Magic Dart        |       |       |       |       |     1 ||     1
 Invoke: Channel Magic     |       |       |       |     1 |       ||     1
Ability: Spit Poison       |    28 |    52 |    20 |    11 |       ||   111
  Evoke: Wand              |     9 |    17 |    18 |    88 |     8 ||   140
         Phial of floods   |       |       |       |       |     2 ||     2
         Tin of tremorston |       |       |       |       |     2 ||     2
    Use: Scroll            |       |     8 |     8 |     9 |     4 ||    29
         Potion            |       |       |       |     7 |     2 ||     9
   Stab: Sleeping          |     1 |     5 |       |     1 |     2 ||     9
         Distracted        |       |     1 |       |    20 |    11 ||    32
         Confused          |       |       |    22 |    73 |    41 ||   136
         Paralysed         |       |       |       |    15 |     2 ||    17
 Armour: Leather armour    |    11 |    77 |    56 |       |       ||   144
         Robe              |       |       |     9 |   226 |   168 ||   403
         Skin              |       |       |       |     7 |       ||     7
  Dodge: Dodged            |    35 |   235 |   106 |   370 |   196 ||   942

Levels and vault maps discovered:
D:1:      kennysheep_arrival_forest, layout_basic
D:2:      layout_loops_corners, minivault_24
D:3:      layout_loops_ring, roderic_batcave, minmay_splitting_lines
D:4:      layout_basic, portal_sewer_entry_e
D:5:      layout_loops_cross, amcnicky_altar_gilded,
          nicolae_tso_besieged_by_evil, kennysheep_flooded_box,
          nicolae_shop_i_like_big_books, uniq_eustachio
D:7:      layout_rooms, temple_fountains, serial_shops,
          nicolae_shop_hallway_plus, nicolae_underground_beach,
          uniq_prince_ribbit1, uniq_duvessa
D:8:      minmay_ornate_pinched, layout_basic, uniq_pikel
D:9:      layout_basic, serial_shops, nicolae_shop_waterfront,
          guppyfry_shop_venom
D:10:     layout_irregular_city, mainiacjoe_overflow_catwalk,
          erik_lair_orcish_takeover, serial_shops, nicolae_take_the_stairs,
          minmay_liquid_box
D:11:     minmay_tile_spiral, layout_basic, orc_david_3, enter_trove_0,
          uniq_josephine
D:12:     layout_roguey
Temple:   nicolae_temple_slightly_damp_pantheon
Lair:1:   layout_roguey, portal_ice_cave_rime, uniq_grum, uniq_joseph,
          uniq_gastronok
Lair:2:   layout_concentric_octagons, uniq_fannar
Lair:3:   layout_concentric_octagons, swamp_mist,
          nicolae_snake_entry_warm_welcome
Lair:4:   layout_misc_corridors, slime_entry_1, serial_bayou_shore_a
Lair:5:   minmay_lair_end_enchanted_forest, layout_hall_layers,
          grunt_forest_large_clearing_hut, grunt_megastairs_4

Notes
Turn   | Place    | Note
-------+----------+-------------------------------------------
     0 | D:1      | quinnr the Naga Artificer began the quest for the Orb.
     0 | D:1      | Reached XP level 1. HP: 18/18 MP: 1/1
    33 | D:1      | Reached skill level 2 in Stealth
   166 | D:1      | Reached XP level 2. HP: 25/25 MP: 2/2
   448 | D:1      | Reached skill level 3 in Stealth
   448 | D:1      | Reached XP level 3. HP: 31/31 MP: 3/3
   920 | D:2      | Learned a level 3 spell: Mephitic Cloud
   925 | D:2      | Reached skill level 1 in Spellcasting
  1009 | D:2      | Reached skill level 1 in Short Blades
  1026 | D:2      | Reached XP level 4. HP: 35/38 MP: 4/6
  1343 | D:2      | Reached skill level 4 in Stealth
  1968 | D:3      | Reached XP level 5. HP: 44/44 MP: 7/7
  2220 | D:2      | Reached skill level 2 in Short Blades
  2220 | D:2      | Reached skill level 2 in Spellcasting
  2685 | D:3      | Reached skill level 1 in Poison Magic
  2830 | D:4      | Reached skill level 1 in Conjurations
  3059 | D:4      | Found a glowing drain.
  3064 | Sewer    | Entered a sewer
  3101 | Sewer    | Reached skill level 1 in Air Magic
  3119 | Sewer    | Reached XP level 6. HP: 34/51 MP: 9/9
  3199 | Sewer    | Reached skill level 5 in Stealth
  3295 | Sewer    | Reached skill level 2 in Poison Magic
  3873 | D:4      | Reached skill level 3 in Short Blades
  3873 | D:4      | Reached skill level 3 in Poison Magic
  4387 | D:5      | Entered Level 5 of the Dungeon
  4429 | D:5      | Found a glowing golden altar of the Shining One.
  4459 | D:5      | Reached skill level 4 in Short Blades
  4494 | D:5      | Became a worshipper of the Shining One
  4537 | D:5      | Reached XP level 7. HP: 55/57 MP: 10/10
  4620 | D:5      | Reached skill level 5 in Short Blades
  4792 | D:5      | Noticed Eustachio
  5084 | D:5      | Reached skill level 1 in Dodging
  5239 | D:5      | You fall into a shaft and drop 2 floors!
  5244 | D:7      | Identified a potion of resistance
  5416 | D:7      | Noticed Duvessa
  5511 | D:7      | Killed Duvessa
  5512 | D:7      | Reached skill level 2 in Fighting
  5512 | D:7      | Reached skill level 2 in Conjurations
  5512 | D:7      | Reached skill level 2 in Air Magic
  5512 | D:7      | Reached XP level 8. HP: 57/67 MP: 1/11
  5540 | D:7      | Noticed Dowan
  5542 | D:7      | Killed Dowan
  5612 | D:7      | Found a staircase to the Ecumenical Temple.
  5662 | Temple   | Entered the Ecumenical Temple
  5850 | Temple   | Fell from the grace of the Shining One
  5850 | Temple   | Became a worshipper of Sif Muna the Loreminder
  5916 | D:7      | Reached skill level 4 in Poison Magic
  6080 | D:7      | Found Osevy's General Store.
  6088 | D:7      | Bought a potion of heal wounds for 80 gold pieces
  6088 | D:7      | Bought a potion of curing for 48 gold pieces
  6102 | D:7      | Noticed Prince Ribbit
  6111 | D:7      | Killed Prince Ribbit
  6112 | D:7      | Reached skill level 2 in Dodging
  6546 | D:8      | Reached skill level 3 in Fighting
  6546 | D:8      | Reached skill level 3 in Conjurations
  6546 | D:8      | Reached skill level 3 in Air Magic
  6546 | D:8      | Reached skill level 5 in Poison Magic
  6570 | D:8      | Reached skill level 3 in Dodging
  6605 | D:8      | Noticed Pikel
  6639 | D:8      | Noticed a cyan ugly thing
  6780 | D:8      | Reached skill level 6 in Poison Magic
  6846 | D:8      | Reached XP level 9. HP: 75/75 MP: 12/12
  7032 | D:7      | Reached skill level 6 in Short Blades
  7169 | D:7      | Killed Pikel
  7170 | D:7      | Reached skill level 7 in Short Blades
  7259 | D:8      | Reached skill level 8 in Short Blades
  7349 | D:8      | Identified a +0 robe of the Archmagi
  7383 | D:9      | Found Sopp's Serpentskin Sales.
  7394 | D:9      | Reached skill level 6 in Stealth
  7422 | D:9      | Reached skill level 3 in Spellcasting
  7449 | D:9      | Reached skill level 7 in Stealth
  7649 | D:9      | Reached * piety under Sif Muna
  7650 | D:9      | Reached skill level 8 in Stealth
  7650 | D:9      | Reached skill level 4 in Spellcasting
  7659 | D:9      | Reached skill level 4 in Fighting
  7659 | D:9      | Reached XP level 10. HP: 85/85 MP: 16/16
  7775 | D:9      | Found Iremimim's Distillery.
  8061 | D:10     | Entered Level 10 of the Dungeon
  8077 | D:10     | Reached skill level 5 in Fighting
  8077 | D:10     | Reached skill level 1 in Throwing
  8086 | D:10     | Identified the ring of Suspicion {Will+ rCorr}
  8101 | D:10     | Found Zyh Juki's Antique Weapon Shop.
  8164 | D:10     | Learned a level 3 spell: Spider Form
  8445 | D:10     | Reached skill level 1 in Transmutations
  8455 | D:10     | Found a staircase to the Lair.
  8488 | D:10     | Noticed a boulder beetle
  8725 | D:10     | Found a broken altar of Ashenzari.
  8766 | D:10     | Killed a boulder beetle
  8767 | D:10     | Reached skill level 2 in Transmutations
  8767 | D:10     | Reached skill level 7 in Poison Magic
  8829 | D:10     | Noticed a two-headed ogre
  9251 | D:8      | Reached skill level 4 in Dodging
  9545 | D:8      | Reached skill level 3 in Transmutations
  9557 | D:8      | Killed a cyan ugly thing
  9916 | D:10     | Noticed a gargoyle
 10111 | D:10     | Killed a two-headed ogre
 10112 | D:10     | Reached skill level 4 in Transmutations
 10112 | D:10     | Reached skill level 8 in Poison Magic
 10377 | D:11     | Found Gefou's Weapon Shop.
 10377 | D:11     | Found a staircase to the Orcish Mines.
 10405 | D:11     | Reached skill level 5 in Dodging
 10405 | D:11     | Reached skill level 9 in Poison Magic
 10405 | D:11     | Reached XP level 11. HP: 79/94 MP: 15/17
 10494 | D:11     | Found Polopurph's Armour Shop.
 10576 | D:11     | Reached skill level 6 in Dodging
 10622 | D:11     | Reached ** piety under Sif Muna
 10710 | D:11     | Noticed a cyclops
 10719 | D:11     | Killed a cyclops
 10768 | D:11     | Noticed an ogre mage
 10776 | D:11     | Noticed a cyclops
 10781 | D:11     | Noticed a deep elf zephyrmancer
 10781 | D:11     | Noticed a stone giant
 10783 | D:11     | Noticed a centaur warrior
 10784 | D:11     | Noticed a centaur warrior
 10816 | D:11     | Killed a deep elf zephyrmancer
 10817 | D:11     | Reached skill level 7 in Dodging
 10893 | Lair:1   | Entered Level 1 of the Lair of Beasts
 10893 | Lair:1   | Noticed Joseph
 10906 | Lair:1   | Killed Joseph
 10922 | D:10     | Reached skill level 6 in Fighting
 11088 | Lair:1   | Learned a level 2 spell: Poisonous Vapours
 11225 | Lair:1   | Noticed Grum
 11225 | Lair:1   | Noticed Gastronok
 11244 | Lair:1   | Killed Grum
 11245 | Lair:1   | Reached skill level 1 in Invocations
 11315 | Lair:1   | Reached skill level 4 in Evocations
 11351 | Lair:1   | Killed Gastronok
 11352 | Lair:1   | Reached skill level 7 in Fighting
 11352 | Lair:1   | Reached skill level 2 in Invocations
 11373 | Lair:1   | Reached skill level 3 in Invocations
 11488 | Lair:1   | Found a frozen archway.
 11497 | IceCv    | Entered an ice cave
 11614 | IceCv    | Reached skill level 5 in Evocations
 11725 | IceCv    | Reached XP level 12. HP: 98/110 MP: 18/18
 11802 | IceCv    | Identified the +1 chain mail of Gallantry {-Cast Rampage
                  | Regen+ Dex+2}
 12643 | IceCv    | Learned a level 1 spell: Magic Dart
 12651 | IceCv    | Reached skill level 4 in Invocations
 13025 | IceCv    | Noticed a white draconian
 13082 | IceCv    | Killed a white draconian
 13083 | IceCv    | Reached skill level 8 in Fighting
 13121 | IceCv    | Reached *** piety under Sif Muna
 13155 | IceCv    | Reached skill level 5 in Invocations
 13358 | IceCv    | Identified a scarf of resistance
 13439 | Lair:1   | Reached skill level 6 in Evocations
 14121 | Lair:2   | Reached skill level 6 in Invocations
 14248 | Lair:2   | Noticed a four-headed hydra
 14634 | Lair:2   | Noticed a catoblepas
 14646 | Lair:2   | Reached skill level 8 in Dodging
 14897 | Lair:2   | Noticed Fannar
 14975 | Lair:1   | Killed Fannar
 15258 | Lair:1   | Reached skill level 9 in Dodging
 15780 | Lair:2   | Killed a catoblepas
 16154 | Lair:2   | Killed a four-headed hydra
 16358 | Lair:2   | Reached skill level 10 in Dodging
 16504 | Lair:2   | Gained mutation: You can use your snake-like lower body to
                  | constrict enemies. [Naga growth]
 16504 | Lair:2   | Reached XP level 13. HP: 117/117 MP: 20/20
 16893 | D:11     | Found a portal to a secret trove of treasure.
 16901 | D:11     | Reached skill level 5 in Spellcasting
 17168 | D:11     | Reached skill level 9 in Stealth
 17319 | D:11     | Reached skill level 10 in Stealth
 17403 | D:9      | Bought Alleatwo's Octavo of the Assassin for 832 gold
                  | pieces
 17408 | D:9      | Learned a level 4 spell: Olgreb's Toxic Radiance
 17977 | Lair:3   | Reached skill level 4 in Conjurations
 18044 | Lair:3   | Reached **** piety under Sif Muna
 18708 | Lair:3   | Found a staircase to the Snake Pit.
 18838 | Lair:3   | Found a staircase to the Swamp.
 19158 | Lair:4   | Reached skill level 6 in Spellcasting
 19600 | Lair:4   | Reached skill level 9 in Fighting
 19600 | Lair:4   | Reached skill level 5 in Conjurations
 19697 | Lair:4   | HP: 6/121 [catoblepas (22)]
 20173 | Lair:4   | Reached skill level 7 in Evocations
 20515 | Lair:4   | Reached XP level 14. HP: 97/129 MP: 24/24
 20594 | Lair:4   | Reached skill level 6 in Conjurations
 20714 | Lair:4   | Found a staircase to the Slime Pits.
 21058 | Lair:5   | Entered Level 5 of the Lair of Beasts
 21066 | Lair:5   | Reached skill level 7 in Spellcasting
 21483 | Lair:4   | Reached skill level 10 in Fighting
 21673 | Lair:5   | Reached skill level 8 in Evocations
 22477 | Lair:4   | HP: 13/133 [death yak (6)]
 22479 | Lair:4   | Slain by a death yak

Vanquished Creatures
  Gastronok (Lair:1)
  A white draconian (IceCv)
  3 hydras
  Fannar (Lair:1)
  3 catoblepae
  A two-headed ogre (D:10)
  A centaur warrior (D:11)
  An alligator (Lair:4)
  A boulder beetle (D:10)
  8 death yaks (Lair:4)
  2 skysharks
  A flayed ghost (D:11)
  A cyclops (D:11)
  A deep elf pyromancer (D:11)
  Pikel (D:7)
  An ugly thing (D:8)
  A deep elf zephyrmancer (D:11)
  A salamander (Lair:3)
  15 elephants
  3 black mambas (Lair:4)
  Joseph (Lair:1)
  An ice statue (IceCv)
  6 cane toads
  An unseen horror (D:11)
  8 rime drakes
  4 komodo dragons
  A troll (D:11)
  A hornet (Lair:5)
  A polar bear (Lair:2)
  Prince Ribbit (D:7)
  13 blink frogs
  A slime creature (D:11)
  A wraith (D:11)
  A shadow (D:10)
  A spriggan (Lair:4)
  6 wyverns
  Grum (Lair:1)
  28 yaks
  3 basilisks
  3 wargs
  7 water moccasins
  An acid dragon (D:11)
  Duvessa (D:7)
  An orc warrior (D:11)
  3 black bears
  A sky beast (D:7)
  3 centaurs
  22 wolves
  3 kobold brigands
  12 bullfrogs
  2 gnoll sergeants
  A scorpion (D:5)
  4 wights
  Dowan (D:7)
  3 lindwurm simulacra (IceCv)
  7 killer bees
  A vampire bat (D:2)
  An electric eel (Lair:4)
  3 howler monkeys (D:11)
  3 lava snakes (Lair:3)
  A jelly (D:4)
  6 komodo dragon simulacra (IceCv)
  2 orc priests
  2 hounds (D:4)
  A quasit (D:5)
  A sleepcap (D:7)
  4 orc wizards
  8 acid dragon simulacra (IceCv)
  12 gnolls
  7 adders
  2 river rats (Sewer)
  A shadow imp (D:8)
  An ufetubus (D:4)
  3 steam dragon simulacra (IceCv)
  A dart slug (D:2)
  12 orcs
  8 bats
  10 endoplasms
  3 giant cockroaches
  8 hobgoblins
  11 jackals
  11 kobolds
  4 quokkas
  10 ball pythons
  8 frilled lizards
  5 goblins
  3 goblin skeletons (D:5)
  2 hobgoblin zombies (D:5)
  3 kobold skeletons (D:5)
  2 kobold zombies (D:5)
  An orc skeleton (D:5)
  An orc zombie (D:5)
  6 rats
371 creatures vanquished.

Vanquished Creatures (collateral kills)
  A rime drake (IceCv)
  An ogre (D:7)
  A hound (D:5)
  3 gnolls (D:7)
  A kobold (D:5)
  An orc zombie (D:5)
8 creatures vanquished.

Vanquished Creatures (others)
  A wight (D:9)
  A gnoll (D:4)
  A steam dragon simulacrum (IceCv)
  42 fungi
  41 plants
86 creatures vanquished.

Grand Total: 465 creatures vanquished

Table legend: (Time is in decaauts)
 A = Elapsed time spent in this place.
 B = Non-inter-level travel time spent in this place.
 C = Inter-level travel time spent in this place.
 D = Time resting spent in this place.
 E = Time spent auto-exploring this place.
 F = Levels seen in this place.
 G = Mean time per level.
                   A        B        C        D        E       F      G
               +--------+--------+--------+--------+--------+-----+--------+
         Total |  25635 |  23840 |   1795 |   4945 |  12983 |  19 | 1349.2 |
       Dungeon |  13441 |  12280 |   1161 |   1946 |   7383 |  11 | 1221.9 |
        Temple |    277 |    227 |     50 |      0 |    203 |   1 |  277.0 |
          Lair |   9451 |   8868 |    583 |   2167 |   4681 |   5 | 1890.2 |
         Sewer |    525 |    525 |      0 |     52 |    251 |   1 |  525.0 |
      Ice Cave |   1939 |   1939 |      0 |    779 |    463 |   1 | 1939.0 |
               +--------+--------+--------+--------+--------+-----+--------+

Top non-repeatable levels by time:
  Lair:4: 3026 daAuts
  Lair:1: 2302 daAuts
  Lair:3: 2039 daAuts
  Lair:2: 1952 daAuts
   IceCv: 1939 daAuts
     D:9: 1704 daAuts
    D:10: 1609 daAuts
     D:4: 1488 daAuts
     D:7: 1473 daAuts
     D:8: 1459 daAuts
     D:2: 1437 daAuts
     D:3: 1298 daAuts
    D:11: 1268 daAuts
     D:1: 1096 daAuts
     D:5: 604 daAuts

Table legend:
 A = Non-vault XP
 B = Vault XP
 C = Vault XP percentage of total XP
 D = Non-vault monster count
 E = Vault monster count
 F = Vault count percentage of total count
                 A         B        C        D         E       F
            +---------+---------+-------+---------+---------+-------
      Total |   46256 |   17500 |  27.4 |     262 |     119 |  31.2
            +---------+---------+-------+---------+---------+-------
        D:1 |      47 |       0 |   0.0 |      28 |       0 |   0.0
        D:2 |      95 |      61 |  39.1 |      17 |       4 |  19.0
        D:3 |      55 |       6 |   9.8 |      16 |       3 |  15.8
        D:4 |     205 |       0 |   0.0 |      23 |       0 |   0.0
        D:5 |     355 |      55 |  13.4 |       7 |      14 |  66.7
        D:7 |     445 |    1212 |  73.1 |      11 |       5 |  31.2
        D:8 |     822 |    1248 |  60.3 |      14 |       9 |  39.1
        D:9 |    1267 |     324 |  20.4 |      11 |       2 |  15.4
       D:10 |    2336 |     492 |  17.4 |       8 |       8 |  50.0
       D:11 |    3029 |    3696 |  55.0 |      16 |      12 |  42.9
     Lair:1 |    4091 |    4064 |  49.8 |      21 |       9 |  30.0
     Lair:2 |    8698 |       0 |   0.0 |      27 |       0 |   0.0
     Lair:3 |    5718 |     677 |  10.6 |      20 |       4 |  16.7
     Lair:4 |   16592 |    1639 |   9.0 |      37 |       5 |  11.9
     Lair:5 |    2501 |     546 |  17.9 |       6 |       3 |  33.3
      Sewer |       0 |      87 | 100.0 |       0 |      15 | 100.0
      IceCv |       0 |    3393 | 100.0 |       0 |      26 | 100.0
            +---------+---------+-------+---------+---------+-------
